 Dungeon Crawl Stone Soup version 0.26-a0-58-g79b31b8662 (webtiles) character file.

Game seed: 7840977005318934831

126 funkygono the Conjurer (level 5, -3/28 HPs)
             Began as a Gargoyle Conjurer on June 9, 2020.
             Killed by divine providence
             ... invoked by an orc priest
              (13 damage)
             ... on level 3 of the Dungeon.
             The game lasted 00:04:57 (1920 turns).

funkygono the Conjurer (Gargoyle Conjurer)          Turns: 1920, Time: 00:04:57

Health: -3/28      AC: 10    Str: 12    XL:     5   Next: 9%
Magic:  17/17      EV: 10    Int: 16    God:
Gold:   80         SH:  0    Dex: 10    Spells: 2/8 levels left

rFire    . . .     SeeInvis .   g - +3 mace
rCold    . . .     Gourm    .   (no shield)
rNeg     + . .     Faith    .   h - +0 ring mail
rPois    ∞         Spirit   .   m - +0 helmet
rElec    +         Reflect  .   n - scarf {+Inv}
rCorr    .         Harm     .   (no gloves)
MR       .....                  (no boots)
Stlth    +.........             (no amulet)
HPRegen  0.09/turn              k - ring of magical power
MPRegen  0.15/turn              l - ring of wizardry

@: no status effects
A: negative energy resistance 1, electricity resistance, unbreathing,
petrification resistance, rot immunity, AC +4
a: Evoke Invisibility


You were on level 3 of the Dungeon.
You were not hungry.

You visited 1 branch of the dungeon, and saw 3 of its levels.

You collected 80 gold pieces.

Inventory:

Hand Weapons
 g - a +3 mace (weapon)
Missiles
 b - 50 stones (quivered)
Armour
 f - a +0 leather armour
 h - a +0 ring mail (worn)
 m - a +0 helmet (worn)
 n - a scarf of invisibility (worn)
Jewellery
 k - a ring of magical power (left hand)
 l - a ring of wizardry (right hand)
 o - an uncursed ring of resist corrosion
Scrolls
 a - 2 scrolls of identify
 d - 3 scrolls of teleportation
Potions
 j - a potion of haste
Comestibles
 c - 2 rations
 p - 2 chunks of flesh


   Skills:
 + Level 0.4 Fighting
 + Level 1.2 Maces & Flails
 + Level 1.4 Armour
 + Level 1.8 Dodging
 + Level 2.6 Stealth
 + Level 2.4 Spellcasting
 + Level 5.7 Conjurations


You had 2 spell levels left.
You knew the following spells:

 Your Spells              Type           Power        Failure   Level  Hunger
a - Magic Dart            Conj           ###.         1%          1    #......
b - Searing Ray           Conj           ###...       2%          2    ###....
c - Dazzling Flash        Conj/Hex       ##....       16%         3    ###....

Your spell library contained the following spells:

 Spells                   Type           Power        Failure   Level  Hunger
 Fulminant Prism          Conj/Hex       ##........   45%         4    #####..
 Iskenderun's Mystic Bla  Conj/Tloc      ##......     45%         4    #####..


Dungeon Overview and Level Annotations

Branches:
Dungeon (3/15)

Altars:


Innate Abilities, Weirdness & Mutations

You are resistant to torment.
Your stone body is resilient. (AC +4)
You are immune to poison.
You resist negative energy. (rN+)
You are resistant to electric shocks. (rElec)
You can survive without breathing.
You are immune to petrification.
You are immune to rotting.


Message History

The orc priest hits you but does no damage.
The orc priest closely misses you.
You hit the orc priest.
The orc priest is heavily wounded.
The orc priest hits you with a +0 dagger.
You hit the orc priest.
The orc priest is heavily wounded.
The orc priest hits you but does no damage.
You barely miss the orc priest.
The orc priest is heavily wounded.
The orc priest barely misses you. The orc priest closely misses you.
You hit the orc priest but do no damage.
The orc priest is heavily wounded.
The orc priest invokes the aid of Beogh against you.
Beogh smites you!
You closely miss the orc priest.
The orc priest is heavily wounded.
The orc priest calls down the wrath of Beogh upon you.
Beogh smites you!
You die...

#..#.# ...#.
.... ...#
..)# ...#
########o..#
.......@#
#########


You could see an orc priest.

Vanquished Creatures
  2 orc wizards
  Robin (D:2)
  An adder (D:2)
  4 dart slugs
  2 leopard geckos
  2 orcs (D:3)
  A bat (D:2)
  2 giant cockroaches (D:1)
  6 hobgoblins
  4 kobolds
  6 frilled lizards
  7 goblins
  6 rats
44 creatures vanquished.

Notes
Turn   | Place    | Note
-------+----------+-------------------------------------------
     0 | D:1      | funkygono the Gargoyle Conjurer began the quest for the
                  | Orb.
     0 | D:1      | Reached XP level 1. HP: 10/10 MP: 3/3
   168 | D:1      | Reached XP level 2. HP: 15/15 MP: 3/5
   172 | D:1      | Learned a level 2 spell: Searing Ray
   253 | D:1      | Reached skill level 5 in Conjurations
   546 | D:1      | Reached XP level 3. HP: 19/19 MP: 1/6
   551 | D:1      | Learned a level 3 spell: Dazzling Flash
  1159 | D:2      | Noticed Robin
  1163 | D:2      | Killed Robin
  1164 | D:2      | Reached XP level 4. HP: 22/24 MP: 7/7
  1726 | D:2      | Reached skill level 1 in Armour
  1910 | D:3      | Reached skill level 1 in Maces & Flails
  1910 | D:3      | Reached XP level 5. HP: 21/28 MP: 8/8
  1920 | D:3      | Killed from afar by an orc priest

Illustrated notes

Levels and vault maps discovered:
D:1:      saegor_arrival_simple_c, layout_rooms
D:2:      layout_basic, uniq_robin
D:3:      layout_basic, first_ration, minmay_misc_feat_room,
          nrook_loot_triangle, uniq_sigmund

Skill      XL: |  1  2  3  4 |
---------------+-------------+-----
Conjurations   | 5 |  5.7
Armour         | 1 |  1.4
Maces & Flails | 1 |  1.2
Fighting       | |  0.4
Dodging        | |  1.8
Stealth        | |  2.6
Spellcasting   | |  2.4

Action                   |  1- 3 |  4- 6 || total
-------------------------+-------+-------++-------
Melee: Club              |    17 |       ||    17
       Mace              |     9 |    38 ||    47
 Cast: Magic Dart        |    41 |     1 ||    42
       Searing Ray       |     2 |     1 ||     3
  Use: Scroll            |     4 |     3 ||     7
       Potion            |       |     1 ||     1
  Eat: Chunk             |     1 |     1 ||     2
       Ration            |       |     1 ||     1
Armor: Leather armour    |     6 |       ||     6
       Ring mail         |     4 |    20 ||    24
Dodge: Dodged            |    16 |    35 ||    51

Table legend:
 A = Non-vault XP
 B = Vault XP
 C = Vault XP percentage of total XP
 D = Non-vault monster count
 E = Vault monster count
 F = Vault count percentage of total count
                 A         B        C        D         E       F
            +---------+---------+-------+---------+---------+-------
      Total |     149 |      31 |  17.2 |      35 |       9 |  20.5
            +---------+---------+-------+---------+---------+-------
        D:1 |      39 |       0 |   0.0 |      21 |       0 |   0.0
        D:2 |      62 |      31 |  33.3 |       9 |       9 |  50.0
        D:3 |      48 |       0 |   0.0 |       5 |       0 |   0.0
            +---------+---------+-------+---------+---------+-------
